 Dungeon Sprint DCSS version 0.30.1-11-g7821555f0a (webtiles) character file.

Game seed: 12337190300823533986

1234 DiggyJ the Nimble (level 8, -11/63 HPs)
             Began as an Octopode Fighter on Jan 9, 2024.
             Was an Initiate of Gozag.
             Killed from afar by a gargoyle (30 damage)
             ... with a stone arrow
             ... in the Dungeon (Sprint VII: "The Pits").
             The game lasted 00:05:10 (701 turns).

DiggyJ the Nimble (Octopode Fighter)                 Turns: 701, Time: 00:05:12

Health: -11/63     AC:  5    Str: 23    XL:     8   Next: 48%
Magic:  8/8        EV: 21    Int: 14    God:    Gozag
Gold:   370        SH:  6    Dex: 11    Spells: 7/7 levels left

rFire   . . .        t - +2 war axe (freeze)
rCold   . . .        b - +0 buckler
rNeg    . . .        (helmet restricted)
rPois   .            (no amulet)
rElec   .            q - +3 ring of strength
rCorr   .            r - +3 ring of intelligence
SInv    .            u - ring of Qalauhox {EV+5 Str+3}
Will    .....        v - +4 ring of protection
Stlth   ++++         (no ring)
HPRegen 0.30/turn    (no ring)
MPRegen 0.11/turn    (no ring)
                     (no ring)

%: no teleportation
@: no status effects
A: almost no armour, amphibious, 8 rings, camouflage 1, gelatinous body 1,
(nimble swimmer 1), tentacles
a: Renounce Religion, Potion Petition, Call Merchant, Bribe Branch


You were in the Dungeon.
You worshipped Gozag.
Gozag was aware of your devotion.
You visited 1 branch You collected 1827 gold pieces.
You spent 1023 gold pieces at shops.
You paid 434 gold pieces to Gozag.

Inventory:

Hand Weapons
 a - a +0 war axe
 j - a +2 hand axe
 p - a +1 heavy hand axe
 t - a +2 war axe of freezing (weapon)
Missiles
 o - 10 stones (quivered)
Armour
 b - a +0 buckler (worn)
Jewellery
 q - a +3 ring of strength (left tentacle)
 r - a +3 ring of intelligence (right tentacle)
 u - the ring of Qalauhox (on tentacle) {EV+5 Str+3}
   (You bought it in a shop in the Dungeon)

   [ring of evasion]

   EV:        It affects your evasion (+5).
   Str:       It affects your strength (+3).
 v - a +4 ring of protection (on tentacle)
Scrolls
 i - a scroll of blinking
 l - 5 scrolls of amnesia
 m - a scroll of butterflies
 n - 2 scrolls of vulnerability
Potions
 c - 2 potions of might
 d - 7 potions of curing
 e - 9 potions of heal wounds
 f - 3 potions of haste
 g - 4 potions of magic
 h - 3 potions of berserk rage
 k - 2 potions of invisibility
 s - a potion of mutation


   Skills:
 + Level 9.0 Fighting
 + Level 9.4 Axes
 + Level 9.8 Dodging
 + Level 6.6 Stealth
 + Level 9.2 Shields


You had 7 spell levels left.
You didn't know any spells.
Your spell library was empty.

Dungeon Overview and Level Annotations

Branches:
Dungeon (1/1)

Altars:
Ashenzari
Cheibriados
Dithmenos
Elyvilon
Fedhas
Gozag
Hepliaklqana
Kikubaaqudgha
Makhleb
Nemelex Xobeh
Okawaru
Qazlal
Ru
Sif Muna
Trog
Uskayaw
Vehumet
Wu Jian
Xom
Yredelemnul
Zin
The Shining One
Jiyva
Lugonu

Shops:
D =


Innate Abilities, Weirdness & Mutations

You cannot wear most types of armour.
You are amphibious.
You can wear up to eight rings at the same time.
Your skin changes colour to match your surroundings (Stealth+).
Your rubbery body absorbs attacks. (AC +1, EV +1)
((You are camouflaged when in or above water. (Stealth+)))
You have tentacles for arms and can constrict up to eight enemies at once.


Message History

You no longer have enough gold to petition Gozag for potion effects.
v - a +4 ring of protection Thank you for shopping at Nuniveuc's Jewellery Shoppe!
v - a +4 ring of protection (on tentacle)
There is an open door here.
There is an open door here.
There is an open door to the Storerooms (Easy) here.
There is an open door to the Storerooms (Easy) here.
There is an open door to the Storerooms (Easy) here.
There is an open door to the Storerooms (Easy) here.
There is an open door to the Storerooms (Easy) here.
There is a huge open gate to the Metal Vault (Medium) here.
There is a huge open gate to the Metal Vault (Medium), spattered with blood here.
Items here: ))) [.
Things that are here:
a +0 halberd; a +0 plate armour A gargoyle comes into view.
It is wielding a +0 flail.
An ufetubus comes into view.
You hit the gargoyle. You freeze the gargoyle. Your grab misses the gargoyle.
The gargoyle is lightly damaged.
The gargoyle hits you with a +0 flail!
You hit the gargoyle. You freeze the gargoyle. You grab the gargoyle.
The gargoyle is moderately damaged.
You constrict the gargoyle.
The ufetubus shouts!
The gargoyle hits you with a +0 flail!
You completely miss the gargoyle.
The gargoyle is heavily damaged.
You constrict the gargoyle, but do no damage.
The gargoyle hits you with a +0 flail!!
* * * LOW HITPOINT WARNING * * *
You hit the gargoyle. You freeze the gargoyle.
You squeeze the gargoyle, but do no damage.
The gargoyle is heavily damaged.
You constrict the gargoyle, but do no damage.
You block the ufetubus's attack. The ufetubus completely misses you.
The gargoyle hurls a stone arrow at you.
The stone arrow hits you!!
You die...
Your body crumbles into a pile of gold.

.#[[##.......##....###
.#'###...<...##...##
....##.......##..##
....##.......##..#
######.......##..#
.#..###########..+
.#.############..#
.#.#....#..[[##..#
.#'#....#..[[##.@#
.#)'....'..))##.59#
.#'#....#...)##....#
.'[#....#..))##......
######################


You could see a gargoyle and an ufetubus.

Vanquished Creatures
  A gargoyle (D)
  A basilisk (D)
  Menkaure (D)
  2 floating eyes (D)
  An ice beast (D)
  An orc warrior (D)
  A wolf (D)
  A gnoll sergeant (D)
  An orc priest (D)
  A jelly (D)
  An orc wizard (D)
  2 gnolls (D)
  2 adders (D)
  2 white imps (D)
  An ufetubus (D)
  2 orcs (D)
  A ball python (D)
  A giant cockroach (D)
  2 hobgoblins (D)
  3 jackals (D)
  3 quokkas (D)
  A frilled lizard (D)
32 creatures vanquished.

Notes
Turn   | Place    | Note
-------+----------+-------------------------------------------
     0 | D        | DiggyJ the Octopode Fighter began the quest for the Orb.
     0 | D        | Reached XP level 1. HP: 16/16 MP: 1/1
    20 | D        | Reached XP level 2. HP: 12/22 MP: 2/2
    24 | D        | Found a bloodstained altar of Trog.
    24 | D        | Found a shimmering blue altar of Sif Muna.
    24 | D        | Found a viscous altar of Jiyva.
    24 | D        | Found a hazy altar of Hepliaklqana.
    24 | D        | Found an opulent altar of Gozag.
    25 | D        | Found a glowing golden altar of the Shining One.
    25 | D        | Found a glowing silver altar of Zin.
    25 | D        | Found a basalt altar of Yredelemnul.
    25 | D        | Found a shimmering altar of Xom.
    25 | D        | Found an ornate altar of the Wu Jian Council.
    25 | D        | Found a sacrificial altar of Ru.
    25 | D        | Found a stormy altar of Qazlal.
    25 | D        | Found an iron altar of Okawaru.
    25 | D        | Found a sparkling altar of Nemelex Xobeh.
    25 | D        | Found a burning altar of Makhleb.
    25 | D        | Found a blossoming altar of Fedhas.
    25 | D        | Found a white marble altar of Elyvilon.
    25 | D        | Found a shadowy altar of Dithmenos.
    25 | D        | Found a snail-covered altar of Cheibriados.
    28 | D        | Found a corrupted altar of Lugonu.
    28 | D        | Found a radiant altar of Vehumet.
    29 | D        | Found an ancient bone altar of Kikubaaqudgha.
    29 | D        | Found a hide-covered altar of Uskayaw.
    29 | D        | Found a broken altar of Ashenzari.
    34 | D        | Became a worshipper of Gozag Ym Sagoz the Greedy
   119 | D        | Noticed a floating eye
   121 | D        | Paralysed by a floating eye for 2 turns
   123 | D        | Killed a floating eye
   124 | D        | Reached skill level 5 in Fighting
   124 | D        | Reached skill level 5 in Dodging
   124 | D        | Reached skill level 5 in Shields
   124 | D        | Reached XP level 3. HP: 29/30 MP: 3/3
   124 | D        | Reached XP level 4. HP: 35/36 MP: 4/4
   124 | D        | Reached XP level 5. HP: 40/41 MP: 5/5
   249 | D        | Noticed a floating eye
   253 | D        | Noticed Menkaure
   254 | D        | Noticed a wolf
   255 | D        | Killed a floating eye
   256 | D        | Reached skill level 5 in Axes
   256 | D        | Reached XP level 6. HP: 38/47 MP: 6/6
   257 | D        | Killed Menkaure
   267 | D        | Reached XP level 7. HP: 25/54 MP: 7/7
   268 | D        | Reached skill level 5 in Stealth
   323 | D        | Noticed a gargoyle
   325 | D        | Killed a gargoyle
   326 | D        | Reached XP level 8. HP: 62/62 MP: 8/8
   432 | D        | Bought the ring of Qalauhox {EV+5 Str+3} for 591 gold
                  | pieces
   559 | D        | Bought a +4 ring of protection for 432 gold pieces
   696 | D        | Noticed a gargoyle
   701 | D        | Killed from afar by a gargoyle

Illustrated notes

Levels and vault maps discovered:
D:        pitsprint [storerooms_1, entrance_room_1, metal_vault_6, armoury_2,
          mini_pit_1, grid_room_1, main_hall_1, silver_pit, the_coven_3,
          the_vestibule_1, steel_vault_4, golden_pit, hallway_of_sentries,
          crystal_vault_4, iron_vault_4, final_vault]

Skill      XL: |  1  2  3  4  5  6  7  8 |
---------------+-------------------------+-----
Fighting       | 5 6 7 8 9 |  9.0
Dodging        | 5 6 8 9 |  9.8
Shields        | 5 6 7 8 9 |  9.2
Axes           | 3 5 6 8 9 |  9.4
Stealth        | 2 3 4 6 |  6.6

Action                     |  1- 3 |  4- 6 |  7- 9 || total
---------------------------+-------+-------+-------++-------
  Melee: War axe           |     5 |       |    21 ||    26
         Constrict         |     5 |     4 |    10 ||    19
         Hand axe          |    11 |    15 |    20 ||    46
         Tentacles         |     2 |     4 |     6 ||    12
         Punch             |     1 |       |     1 ||     2
 Invoke: Call Merchant     |       |       |     1 ||     1
    Use: Potion            |       |     2 |     1 ||     3
   Stab: Sleeping          |     2 |       |     1 ||     3
 Armour: Skin              |     4 |       |     2 ||     6
  Dodge: Dodged            |    18 |    24 |    27 ||    69
  Block: Buckler           |     4 |     9 |    13 ||    26
